 Dungeon Crawl Stone Soup version 0.31.0-9-g3a7656b989 (webtiles) character file.

Game seed: 10647750002256515321

8 Colgate the Poker (level 2, 24/24 HPs)
             Began as a Demonspawn Chaos Knight on Feb 3, 2024.
             Was a Plaything of Xom.
             Quit the game on level 1 of the Dungeon.
             The game lasted 00:00:11 (134 turns).

Colgate the Poker (Demonspawn Chaos Knight)          Turns: 134, Time: 00:00:12

Health: 24/24      AC:  5    Str: 12    XL:     2   Next: 0%
Magic:  2/2        EV: 11    Int: 12    God:    Xom [..*...]
Gold:   14         SH:  0    Dex: 12    Spells: 1/1 levels left

rFire   . . .        a - +0 spear (chaos)
rCold   . . .        (no shield)
rNeg    . . .        b - +2 leather armour
rPois   .            (no helmet)
rElec   .            (no cloak)
rCorr   .            (no gloves)
SInv    .            (no boots)
Will    .....        (no amulet)
Stlth   +            (no ring)
HPRegen 0.24/turn    (no ring)
MPRegen 0.08/turn

%: no passive effects
@: no status effects
A: demonic touch 1
a: Renounce Religion


You were on level 1 of the Dungeon.
You worshipped Xom.
You were a toy of Xom.
You visited 1 branch of the dungeon, and saw 1 of its levels.

You collected 14 gold pieces.

Inventory:

Hand Weapons
 a - a +0 spear of chaos (weapon)
Armour
 b - a +2 leather armour (worn)
Scrolls
 c - a scroll of butterflies
 d - a scroll of amnesia {unknown}
Potions
 e - a potion of might {unknown}


   Skills:
 - Level 3.0 Fighting
 + Level 3.2 Polearms
 - Level 1.7 Armour
 - Level 0.8 Dodging


You had one spell level left.
You didn't know any spells.
Your spell library was empty.

Dungeon Overview and Level Annotations

Branches:
Dungeon (1/15)

Altars:


Innate Abilities, Weirdness & Mutations

Your touch may inflict minor irresistible damage on your foes.


Message History

No target in view!
Key pressed, stopping explore.
No target in view!
Key pressed, stopping explore.
No target in view!
Key pressed, stopping explore.
No target in view!
Found a sling.
No target in view!
Key pressed, stopping explore.
No target in view!
A goblin comes into view. It is wielding a +2 dagger of venom.
The goblin shouts!
You see here a scroll labelled UTOTZUD ASIOMM.
You reach to attack!
You hit the goblin.
A goblin is nearby!
You hit the goblin.
You kill the goblin!
d - a scroll labelled UTOTZUD ASIOMM No target in view!
Things that are here:
a +2 dagger of venom; a goblin corpse No target in view!
e - a sedimented orange potion No target in view!
A ball python comes into view.
The ball python hisses angrily.
You hear an angry hiss.
A ball python comes into view.
There are monsters nearby!
You reach to attack!
You closely miss the ball python.
There are monsters nearby!
You hit the ball python.
Lightning courses through the ball python!
You kill the ball python!
You have reached level 2!
You feel monstrous as your demonic heritage exerts itself.
Your demonic ancestry asserts itself...
Your hands begin to faintly glow with unholy energy.
Xom is amused.
Are you sure you want to abandon this character and quit the game? (Confirm with "yes".)

#............).#
.....
#..............#
.....
#####..........#
.....
#..........#
.....
#..........#
.....
#..........#
...[.
#..........#
.....
#..........#
.....
#...@#######
..... #...S# ...
#^.... ..
#...... ##
#.......
###......
#.......
#........


You could see a ball python.

Vanquished Creatures
  3 ball pythons (D:1)
  An endoplasm (D:1)
  A goblin (D:1)
  A kobold (D:1)
  A bat (D:1)
  A rat (D:1)
8 creatures vanquished.

Notes
Turn   | Place    | Note
-------+----------+-------------------------------------------
     0 | D:1      | Colgate the Demonspawn Chaos Knight began the quest for the
                  | Orb.
     0 | D:1      | Reached XP level 1. HP: 18/18 MP: 1/1
   134 | D:1      | Discovered your monstrous ancestry.
   134 | D:1      | Gained mutation: Your touch may inflict minor irresistible
                  | damage on your foes. [demonic ancestry]
   134 | D:1      | Reached XP level 2. HP: 24/24 MP: 2/2
   134 | D:1      | Quit the game

Illustrated notes

Levels and vault maps discovered:
D:1:      ncdulo_smallfort, layout_basic, hellmonk_ecumenical_altar_heavens_door

Skill      XL: |  1 |
---------------+----+-----
Polearms       | 3 |  3.2
Fighting       | |  3.0
Armour         | |  1.7
Dodging        | |  0.8

Action                     || total
---------------------------++-------
  Melee: Spear             ||    25
         Punch             ||     1
 Armour: Leather armour    ||    11
  Dodge: Dodged            ||     5
